 Dungeon Crawl Stone Soup version 0.22-a0-456-g11ed031 (webtiles) character file.

4280 DrEnzyme the Covert (level 10, -4/58 HPs)
             Began as an Octopode Wanderer on June 5, 2018.
             Was an Initiate of Gozag.
             Killed from afar by a steam dragon (21 damage)
             ... with a ball of steam
             ... on level 9 of the Dungeon on June 6, 2018.
             The game lasted 01:09:07 (13866 turns).

DrEnzyme the Covert (Octopode Wanderer)            Turns: 13866, Time: 01:09:09

Health: -4/58      AC:  1    Str: 15    XL:     10   Next: 32%
Magic:  20/20      EV: 12    Int: 13    God:    Gozag
Gold:   1144       SH:  5    Dex: 16    Spells: 7/10 levels left

rFire    . . .     SeeInvis .   a - +5 rapier (speed)
rCold    . . .     Gourm    .   o - +0 buckler
rNeg     . . .     Faith    .   (helmet restricted)
rPois    +         Spirit   .   (no amulet)
rElec    .         Reflect  .   d - +3 ring of strength
rCorr    .         Harm     .   m - ring of magical power
MR       .....                  (no ring)
Stlth    ++++++....             (no ring)
HPRegen  0.19/turn              (no ring)
MPRegen  0.17/turn              (no ring)
                                (no ring)
                                (no ring)

@: no status effects
A: almost no armour, stealthy swim, amphibious, 8 rings, constrict 8, beak,
camouflage 1, frail 1, poison resistance, gelatinous body 1
a: Potion Petition, Call Merchant, Bribe Branch, Renounce Religion


You were on level 9 of the Dungeon.
You worshipped Gozag.
Gozag was most pleased with you.
You were not hungry.

You visited 2 branches of the dungeon, and saw 11 of its levels.
You also visited: Bailey.

You collected 1715 gold pieces.
You spent 491 gold pieces at shops.
You paid 80 gold pieces to Gozag.

Inventory:

Hand Weapons
 a - a +5 rapier of speed (weapon)
 b - a +0 blowgun
Missiles
 e - 237 stones
 j - 48 tomahawks of returning (quivered)
 r - 44 poisoned needles
Armour
 o - a +0 buckler (worn)
Magical Staves
 B - an uncursed staff of cold {unknown}
Jewellery
 d - a +3 ring of strength (left tentacle)
 m - a ring of magical power (right tentacle)
 z - an uncursed ring of protection from fire {unknown}
Wands
 k - a wand of iceblast (8)
 y - a wand of paralysis (14)
Scrolls
 i - 2 scrolls of identify
 l - a scroll of immolation
 p - a scroll of torment {unknown}
 q - 4 scrolls of fog
 s - a scroll of amnesia {unknown}
 v - a scroll of magic mapping
 A - a scroll of teleportation
 C - a scroll of enchant armour {unknown}
Potions
 c - a potion of might {unknown}
 g - 5 potions of flight
 h - a potion of magic
 n - 3 potions of curing
 t - a potion of mutation
 w - a potion of ambrosia {unknown}
 x - a potion of haste
 D - a potion of heal wounds
 E - a potion of degeneration
Miscellaneous
 u - a crystal ball of energy
Comestibles
 f - 7 rations


   Skills:
 - Level 4.4 Fighting
 + Level 8.0 Short Blades
   Level 1.0 Crossbows
 * Level 7.2 Throwing
 + Level 11.9 Stealth
 - Level 4.0 Shields
 - Level 0.7 Spellcasting
   Level 1.0 Summonings
 - Level 2.0 Air Magic
 - Level 1.1 Evocations


You had 7 spell levels left.
You knew the following spells:

 Your Spells              Type           Power        Failure   Level  Hunger
a - Shock                 Conj/Air       #...         19%         1    ##.....
b - Throw Frost           Conj/Ice       #.....       41%         2    ###....

Your spell library contained the following spells:

 Spells                   Type           Power        Failure   Level  Hunger
 Ensorcelled Hibernation  Hex/Ice        #.....       41%         2    ###....
 Static Discharge         Conj/Air       #.......     50%         3    ####...


Dungeon Overview and Level Annotations

Branches:
Dungeon (10/15)            Temple (1/1) D:4
   Lair: D:8-11         Orc: D:9-12

Altars:
Ashenzari
Cheibriados
Dithmenos
Elyvilon
Fedhas
Gozag
Hepliaklqana
Kikubaaqudgha
Makhleb
Nemelex Xobeh
Okawaru
Qazlal
Ru
Sif Muna
Trog
Uskayaw
Vehumet
Wu Jian
Xom
Yredelemnul
Zin
The Shining One

Shops:
D:7 !(   D:8 *

Annotations:
D:2 exclusion: downstairs
D:5 exclusion: statue, Sigmund
D:6 exclusions: downstairs and hippogriff
D:9 Erica


Innate Abilities, Weirdness & Mutations

You cannot wear most types of armour.
You are very stealthy in the water. (Stealth+)
You are amphibious.
You can wear up to eight rings at the same time.
You can use your tentacles to constrict eight enemies at once.
Your skin changes colour to match your surroundings (Stealth+).
Your rubbery body absorbs attacks. (AC +1, EV +1)
You have a beak for a mouth.
You are frail. (-10% HP)
Your system is resistant to poisons. (rPois)


Message History

The steam dragon bites you. The steam dragon barely misses you.
You hit the steam dragon. You squeeze the steam dragon!
The steam dragon is almost dead.
You barely miss the steam dragon.
The steam dragon is almost dead.
The steam dragon breathes steam at you. The ball of steam misses you.
You hit the steam dragon.
You peck the steam dragon, but do no damage.
The steam dragon is almost dead.
You are engulfed in a cloud of scalding steam.
The steam dragon bites you! The steam dragon claws you.
* * * LOW HITPOINT WARNING * * *
You hit the steam dragon but do no damage.
You peck the steam dragon.
The steam dragon is almost dead.
The steam dragon breathes steam at you. The ball of steam hits you!
You die...
Your body crumbles into a pile of gold.

#.># #.#####.#....... ##O#
######..#....#.....#. ##.##
#....##)#.###..#.#### #...#
#....##.....)........ #...#
#....##.....[....#### #...#
#§.§.(.....).....#
#..)###>...§...........# #
#.....#§§.§D#.........## #
#...#....(@##.........# #
#...##.....##.........#####
#...##[..).##.........)....
#######...............####.
#######......)###....
#####<............ ######
#####........#######..
#.....##.......(....# #.#
#........####.......# #..


You could see a steam dragon.

Vanquished Creatures
  A two-headed ogre (D:9)
  An orc knight (Bailey)
  A hippogriff (D:7)
  A hungry ghost (D:10)
  An ice beast (D:6)
  6 orc warriors
  A necrophage (D:8)
  3 centaurs
  An ogre (D:9)
  A crocodile (D:8)
  A bullfrog (D:6)
  A big kobold (D:9)
  A wyvern skeleton (D:10)
  A scorpion (D:9)
  3 killer bees
  2 crimson imps
  A bullfrog zombie (D:5)
  3 jellies
  5 orc priests
  2 bullfrog skeletons
  3 hounds
  9 orc wizards
  3 iguanas
  6 worker ants
  2 hound skeletons
  10 gnolls
  11 adders
  2 shadow imps
  An ooze (D:3)
  An adder skeleton (D:7)
  2 worms
  2 dart slugs
  5 leopard geckos
  36 orcs
  7 bats
  A giant cockroach (D:3)
  11 goblins
  15 hobgoblins
  14 jackals
  2 quokkas
  A ball python (D:5)
  A ball python skeleton (D:4)
  9 frilled lizards
  A jackal zombie (D:6)
  26 kobolds
  A leopard gecko skeleton (D:6)
  A leopard gecko zombie (D:8)
  8 rats
228 creatures vanquished.

Notes
Turn   | Place    | Note
-------+----------+-------------------------------------------
     0 | D:1      | DrEnzyme the Octopode Wanderer began the quest for the Orb.
     0 | D:1      | DrEnzyme set off with: a +2 dagger, a potion of heal wounds, a ration
     0 | D:1      | Reached XP level 1. HP: 17/17 MP: 1/1
   146 | D:1      | Reached XP level 2. HP: 22/22 MP: 2/2
   264 | D:1      | Reached skill level 2 in Stealth
   297 | D:1      | Reached skill level 1 in Short Blades
   321 | D:1      | Reached XP level 3. HP: 20/27 MP: 3/3
   394 | D:1      | Learned a level 1 spell: Shock
  1494 | D:2      | Reached skill level 3 in Stealth
  1607 | D:2      | Reached XP level 4. HP: 32/34 MP: 4/4
  2460 | D:3      | Found an iron altar of Okawaru.
  2460 | D:3      | Found a bloodstained altar of Trog.
  2465 | D:3      | Reached skill level 4 in Stealth
  2477 | D:3      | Reached XP level 5. HP: 27/38 MP: 6/6
  2742 | D:3      | Reached skill level 1 in Shields
  2994 | D:3      | Reached skill level 5 in Stealth
  3047 | D:3      | Found a sacrificial altar of Ru.
  3290 | D:3      | Reached XP level 6. HP: 38/44 MP: 7/7
  3617 | D:4      | Reached skill level 6 in Stealth
  3668 | D:4      | Found a staircase to the Ecumenical Temple.
  3734 | Temple   | Entered the Ecumenical Temple
  3936 | Temple   | Became a worshipper of Gozag Ym Sagoz the Greedy
  4531 | D:4      | Reached XP level 7. HP: 37/49 MP: 8/8
  4639 | D:4      | Found a glowing golden altar of the Shining One.
  4832 | D:4      | Reached skill level 7 in Stealth
  4991 | D:5      | Entered Level 5 of the Dungeon
  5031 | D:5      | Found a basalt altar of Yredelemnul.
  5118 | D:5      | Found a radiant altar of Vehumet.
  5351 | D:5      | Found a basalt altar of Yredelemnul.
  5383 | D:5      | Noticed Sigmund
  6042 | D:5      | Reached skill level 8 in Stealth
  6143 | D:6      | Reached XP level 8. HP: 54/54 MP: 9/9
  6449 | D:6      | Reached skill level 5 in Short Blades
  6653 | D:6      | Noticed a hippogriff
  6669 | D:6      | Reached skill level 9 in Stealth
  6817 | D:7      | Noticed a hippogriff
  6857 | D:7      | Found a flagged portal.
  6884 | Bailey   | Entered a bailey
  7026 | Bailey   | Noticed an orc knight
  8457 | Bailey   | Gained mutation: You are frail. (-10% HP) [potion of mutation]
  8457 | Bailey   | Gained mutation: You have a beak for a mouth. [potion of mutation]
  8457 | Bailey   | Gained mutation: Your system is resistant to poisons. (rPois) [potion of mutation]
  8462 | Bailey   | Learned a level 2 spell: Throw Frost
  9555 | Bailey   | Reached skill level 1 in Throwing
  9555 | Bailey   | Reached skill level 10 in Stealth
  9877 | Bailey   | Killed an orc knight
  9877 | Bailey   | Reached XP level 9. HP: 53/53 MP: 10/10
 10351 | D:7      | Found Miro Xieh's Distillery.
 10353 | D:7      | Found a sparkling altar of Nemelex Xobeh.
 10367 | D:7      | Bought a potion of haste for 120 gold pieces
 10367 | D:7      | Bought a potion of heal wounds for 60 gold pieces
 10367 | D:7      | Bought a potion of heal wounds for 60 gold pieces
 10367 | D:7      | Bought a potion of degeneration for 12 gold pieces
 10367 | D:7      | Bought a potion of curing for 36 gold pieces
 10507 | D:7      | Found Huippip's Antique Weapon Emporium.
 10647 | D:7      | Reached skill level 5 in Throwing
 10669 | D:7      | Bought a glowing rapier for 203 gold pieces
 11756 | D:8      | Found Boontiuq's Changing Room.
 11763 | D:8      | Noticed a two-headed ogre
 12346 | D:9      | Noticed Erica
 12367 | D:9      | Noticed a two-headed ogre
 12375 | D:9      | Killed a two-headed ogre
 12375 | D:9      | Reached skill level 11 in Stealth
 12375 | D:9      | Reached XP level 10. HP: 27/58 MP: 11/11
 13263 | D:10     | Entered Level 10 of the Dungeon
 13866 | D:9      | Killed from afar by a steam dragon

Vault maps used:
D:1:      matt_arrival_spirals, serial_co_window_serial,
          co_window_of_opportunity_a, co_window_paths_a, co_window_corner_a,
          co_window_paths_a, co_window_corner_a, co_window_unsneaky_path_c,
          co_window_2corner, co_window_broadway_a, co_window_cross_4,
          co_window_cross_4, co_window_cross_2, glass_columns_c,
          glass_columns_b, glass_columns_a, glass_columns_a, glass_columns_a
D:2:      hangedman_abyss_or_decor_lesser_grid, serial_bayou_pond_e
D:3:      gammafunk_temple_overflow_elements, nicolae_ru_path_of_blood,
          first_ration
D:4:      kennysheep_mini, minmay_temple_entry_overgrown, serial_bayou_pond_a
D:5:      vehumet_statue, yredelemnul_altar_generic, basic_altar, uniq_sigmund
D:7:      nemelex_xobeh_ov_fountains_minmay, serial_shops, shop, shop,
          enter_bailey_2
D:8:      nicolae_transmutations_shop
D:9:      uniq_erica
D:10:     fedhas_bush_and_centaur_altar
Temple:   regret_index_temple_generic_petals
Bailey:   bailey_axe_1, bailey

Skill      XL: |  1  2  3  4  5  6  7  8  9 10 |
---------------+-------------------------------+-----
Stealth        | 2 3 4 5 6 8 10 11 | 11.9
Short Blades   | 1 2 3 4 6 7 8 |  8.0
Shields        | 1 2 3 4 |  4.0
Throwing       | 4 7 |  7.2
Fighting       | |  4.4
Crossbows      | |  1.0
Spellcasting   | |  0.7
Summonings     | |  1.0
Air Magic      | |  2.0
Evocations     | |  1.1

Action                   |  1- 3 |  4- 6 |  7- 9 | 10-12 || total
-------------------------+-------+-------+-------+-------++-------
Melee: Dagger            |    78 |   134 |   217 |       ||   429
       Constrict         |    19 |    31 |    56 |    16 ||   122
       Tentacles         |     9 |    24 |    65 |    15 ||   113
       Peck              |       |       |    29 |    24 ||    53
       Rapier            |       |       |    51 |    84 ||   135
 Fire: Blowgun           |       |       |    70 |       ||    70
Throw: Stone             |     6 |     3 |   139 |       ||   148
       Tomahawk          |       |       |    52 |       ||    52
 Cast: Shock             |     2 |       |    18 |       ||    20
       Throw Frost       |       |       |    20 |       ||    20
  Use: Scroll            |     1 |     4 |     4 |     5 ||    14
       Potion            |       |     3 |    15 |       ||    18
 Stab: Sleeping          |    14 |    15 |    20 |     2 ||    51
       Distracted        |       |     1 |     1 |       ||     2
  Eat: Chunk             |     2 |     7 |       |       ||     9
       Ration            |       |     1 |     8 |     2 ||    11
Armor: Skin              |     8 |    11 |    65 |     2 ||    86
Dodge: Dodged            |    38 |    61 |   181 |    31 ||   311
Block: Buckler           |       |       |    25 |     8 ||    33

Table legend:
 A = Spawn XP
 B = Non-spawn XP
 C = Spawn XP percentage of total XP
 D = Spawn monster count
 E = Non-spawn monster count
 F = Spawn count percentage of total count
 G = Total turns spent on level
                    A         B        C        D         E        F      G
               +---------+---------+-------+---------+---------+-------+---------
         Total |       0 |    6115 |   0.0 |       0 |     228 |   0.0 | 13866
               +---------+---------+-------+---------+---------+-------+---------
           D:1 |       0 |      49 |   0.0 |       0 |      30 |   0.0 |  1293
           D:2 |       0 |      59 |   0.0 |       0 |      21 |   0.0 |  1233
           D:3 |       0 |     282 |   0.0 |       0 |      27 |   0.0 |  1034
           D:4 |       0 |     354 |   0.0 |       0 |      27 |   0.0 |  1211
           D:5 |       0 |     394 |   0.0 |       0 |      12 |   0.0 |  1127
           D:6 |       0 |     339 |   0.0 |       0 |      15 |   0.0 |   926
           D:7 |       0 |     498 |   0.0 |       0 |      13 |   0.0 |   748
           D:8 |       0 |     790 |   0.0 |       0 |      19 |   0.0 |  1469
           D:9 |       0 |    1632 |   0.0 |       0 |      25 |   0.0 |  1373
          D:10 |       0 |     503 |   0.0 |       0 |       7 |   0.0 |   132
        Bailey |       0 |    1215 |   0.0 |       0 |      32 |   0.0 |  3100
               +---------+---------+-------+---------+---------+-------+---------
